 Dungeon Crawl Stone Soup version 0.19.1 (webtiles) character file.

14574 galech the Cleaver (level 11, -18/153 HPs)
             Began as a Deep Dwarf Fighter on Dec 8, 2016.
             Was a High Priest of Trog.
             Demolished by a white ugly thing (23 damage)
             ... in an ice cave.
             The game lasted 01:04:24 (9051 turns).

galech the Cleaver (Deep Dwarf Fighter)             Turns: 9051, Time: 01:04:24

Health: -18/153    AC: 10    Str: 27    XL:     11   Next: 90%
Magic:  5/5        EV: 10    Int: 10    God:    Trog [*****.]
Gold:   517        SH: 12    Dex: 15    Spells: 0 memorised, 10 levels left

rFire  + . .     SeeInvis .     i - +5 broad axe (flame)
rCold  x . .     Gourm    .     H - +0 chain mail
rNeg   . . .     Faith    +     u - +0 shield
rPois  .         Spirit   .     (helmet restricted)
rElec  .         Reflect  .     c - +0 cloak {MR+}
rCorr  .         Harm     .     L - +1 pair of gloves
MR     ++...                    (no boots)
Stlth  ..........               z - amulet of faith
                                S - ring of fire
                                j - +3 ring of dexterity

@: berserking, non-regenerating, very quick
A: damage resistance, recharge devices, horns 1, talons 1, deformed body, sense
surroundings 2, screaming 1, slow regeneration 3
a: Device Recharging, Berserk, Trog's Hand, Brothers in Arms, Burn Spellbooks,
Renounce Religion


You were in an ice cave.
You worshipped Trog.
Trog was extremely pleased with you.
You were not hungry.

You visited 3 branches of the dungeon, and saw 13 of its levels.
You also visited: Ossuary and Ice Cave.

You collected 592 gold pieces.
You spent 75 gold pieces at shops.

Inventory:

Hand Weapons
 i - a +5 broad axe of flaming (weapon)
 s - a +7 antimagic hand axe
Armour
 c - a +0 cloak of magic resistance (worn)
 u - a +0 shield (worn)
 H - a +0 chain mail (worn)
 L - a +1 pair of gloves (worn)
 T - a cursed +0 cloak
Jewellery
 j - a +3 ring of dexterity (left hand)
 v - an uncursed ring of see invisible
 y - an uncursed ring of positive energy
 z - an amulet of faith (around neck)
 S - a ring of fire (right hand)
 Z - an uncursed amulet of harm {unknown}
Wands
 b - a wand of teleportation (2/9)
 e - a wand of heal wounds (0/9)
 n - a wand of polymorph (12/24)
 x - a wand of lightning (10/15)
 E - a wand of polymorph (8/24)
 F - a wand of heal wounds (3/9)
 K - a wand of paralysis (9/24)
 N - a wand of flame (27/48)
 U - a wand of paralysis (17/24)
 Y - a wand of polymorph (14/24)
Scrolls
 g - 3 scrolls of fear
 k - 7 scrolls of teleportation {unknown}
 m - 2 scrolls of enchant armour
 o - 4 scrolls of blinking {unknown}
 p - 2 scrolls of magic mapping
 r - 7 scrolls of remove curse
 M - 2 scrolls of summoning
 W - a scroll of silence
 X - 2 scrolls of identify
Potions
 a - a potion of berserk rage {unknown}
 d - 5 potions of might
 h - 3 potions of lignification {unknown}
 l - 5 potions of flight {unknown}
 q - 6 potions of curing {unknown}
 t - a potion of beneficial mutation {unknown}
 w - a potion of resistance
 B - 3 potions of brilliance {unknown}
 C - 2 potions of haste {unknown}
 D - a potion of cancellation
 O - 2 potions of heal wounds {unknown}
 Q - 3 potions of degeneration {unknown}
Books
 R - a book of Maledictions

   Spells                             Type                      Level
   a - Corona                         Hexes                        1
   b - Ensorcelled Hibernation        Hexes/Ice                    2
   c - Confuse                        Hexes                        3
   d - Tukima's Dance                 Hexes                        3
   e - Dazzling Spray                 Conjuration/Hexes            3
   Trog disapproves of the use of such an item.
 V - a book of Battle

   Spells                             Type                      Level
   a - Infusion                       Charms                       1
   b - Shroud of Golubria             Charms/Translocation         2
   c - Song of Slaying                Charms                       2
   d - Spectral Weapon                Hexes/Charms                 3
   e - Regeneration                   Charms/Necromancy            3
   Trog disapproves of the use of such an item.
Comestibles
 f - 7 bread rations
 A - 27 fruits
 G - 4 meat rations
 I - a beef jerky
 J - a royal jelly
 P - 2 slices of pizza


   Skills:
 + Level 7.7 Fighting
 + Level 14.4 Axes
 + Level 8.6 Armour
 + Level 4.0 Dodging
 + Level 1.6 Stealth
 + Level 8.8 Shields
 + Level 2.7 Evocations


You had 10 spell levels left.
You didn't know any spells.

Dungeon Overview and Level Annotations

Branches:
Dungeon (10/15)            Temple (1/1) D:7            Lair (2/6) D:10
  Swamp: Lair:2-4    Shoals: Lair:2-4     Snake: Lair:2-4    Spider: Lair:2-4
    Orc: D:9-12

Altars:
Ashenzari
Cheibriados
Dithmenos
Fedhas
Gozag
Hepliaklqana
Qazlal
Sif Muna
Trog
Xom
Yredelemnul
Zin
The Shining One

Shops:
D:5 *

Annotations:
IceCv exclusion: 2 ice statues


Innate Abilities, Weirdness & Mutations

You are resistant to damage.
You can recharge devices by infusing magical energy.
You passively map the area around you.
You do not regenerate.
You have a pair of small horns on your head.
You have sharp toenails.
Armour fits poorly on your strangely shaped body.
You occasionally shout uncontrollably at your foes.


Message History

You are too injured to fight recklessly!
You are too injured to fight recklessly!
You barely miss the white ugly thing. You claw the white ugly thing.
You headbutt the white ugly thing!
The white ugly thing is moderately wounded.
You completely miss the ice beast. You closely miss the ice beast.
The ice beast misses you.
The white ugly thing bites you but does no damage.
You block the ice beast's attack.
You barely miss the white ugly thing. Your kick misses the white ugly thing.
The white ugly thing is moderately wounded.
You hit the ice beast.
You melt the ice beast.
You slash the ice beast!
You melt the ice beast.
You kill the ice beast!
You slice the ice beast!!
You melt the ice beast!
You kill the ice beast!
The white ugly thing bites you!
* * * LOW HITPOINT WARNING * * *
The white ugly thing freezes you!!
You feel a terrible chill!
You die...

, ,
#...8.:.8...#
##....(.$....##
#......!......#
#....8...8....#
#.............#
#...........#
#....Yu.....#
#.....@.Y...#
##.........##
##...∩...##
##.....##
#######


You could see 2 ice statues, a white ugly thing and 2 ice beasts.

Vanquished Creatures
  A hydra (Lair:1)
  2 hill giants
  An ugly thing (IceCv)
  An elephant (D:10)
  A black mamba (Lair:1)
  A kobold demonologist (D:8)
  2 komodo dragons (Lair:1)
  A two-headed ogre (D:10)
  Prince Ribbit (D:6)
  Grinder (D:3)
  2 hippogriffs (Lair:1)
  A slime creature (Lair:2)
  The ghost of Galewind the Magician, an amateur DECj (D:4)
  2 wraiths
  20 yaks
  A basilisk (Lair:1)
  A steam dragon (D:8)
  2 water moccasins
  2 orc warriors
  2 sky beasts
  6 ice beasts (IceCv)
  3 black bears
  4 ogres
  2 necrophages (D:9)
  A centaur (D:10)
  4 crocodiles
  9 big kobolds (D:8)
  6 bullfrogs
  A gnoll sergeant (D:6)
  A scorpion (D:9)
  21 killer bees
  4 wights (D:9)
  3 howler monkeys
  A crimson imp (D:10)
  2 centaur zombies
  Crazy Yiuf (D:2)
  4 hounds
  10 orc priests
  2 human zombies (D:9)
  6 jellies
  5 orc wizards
  4 bullfrog skeletons
  5 iguanas
  2 human skeletons (D:9)
  9 worker ants
  2 killer bee zombies (D:5)
  A hound skeleton (D:4)
  2 mummies
  A worker ant zombie (D:5)
  11 gnolls
  11 adders
  17 oozes
  2 worms
  An adder skeleton (D:9)
  2 dart slugs
  3 leopard geckos
  49 orcs
  4 ball pythons
  6 giant cockroaches
  6 goblins
  6 hobgoblins
  2 jackals (D:8)
  6 quokkas
  5 bats
  8 frilled lizards
  6 gnoll skeletons (Ossuary)
  13 kobolds
  11 kobold skeletons (Ossuary)
  A leopard gecko skeleton (D:6)
  8 orc skeletons (Ossuary)
  An orc zombie (D:9)
  2 quokka skeletons (D:4)
  A quokka zombie (D:5)
  6 rats
  A plant (Lair:2)
357 creatures vanquished.

Vanquished Creatures (others)
  5 fungi (Lair:1)
5 creatures vanquished.

Grand Total: 362 creatures vanquished

Notes
Turn   | Place    | Note
-------+----------+-------------------------------------------
     0 | D:1      | galech the Deep Dwarf Fighter began the quest for the Orb.
     0 | D:1      | Reached XP level 1. HP: 20/20 MP: 1/1
   106 | D:1      | Reached XP level 2. HP: 14/27 MP: 2/2
   690 | D:2      | Found a faded altar of an unknown god.
   877 | D:2      | Reached XP level 3. HP: 33/33 MP: 3/3
  1032 | D:2      | Found a runed door.
  1036 | D:2      | Noticed Crazy Yiuf
  1049 | D:2      | Killed Crazy Yiuf
  1049 | D:2      | Reached skill level 3 in Axes
  1177 | D:2      | Reached XP level 4. HP: 23/40 MP: 4/4
  1413 | D:3      | Found a stormy altar of Qazlal.
  1417 | D:3      | Found a blossoming altar of Fedhas.
  1617 | D:3      | Noticed Grinder
  1620 | D:3      | Paralysed by Grinder for 5 turns
  1653 | D:3      | HP: 2/42 [Grinder/nerve-wracking pain (13)]
  1659 | D:3      | Killed Grinder
  1659 | D:3      | Reached skill level 5 in Axes
  1659 | D:3      | Reached skill level 1 in Dodging
  1659 | D:3      | Reached XP level 5. HP: 31/49 MP: 5/5
  1659 | D:3      | Reached XP level 6. HP: 36/56 MP: 6/6
  2473 | D:4      | Reached skill level 6 in Axes
  2499 | D:4      | Reached XP level 7. HP: 40/62 MP: 7/7
  2631 | D:4      | You fall through a shaft for 3 floors!
  2646 | D:7      | Found a staircase to the Ecumenical Temple.
  2756 | D:6      | Reached skill level 7 in Axes
  2834 | D:6      | Found a bloodstained altar of Trog.
  2842 | D:6      | Became a worshipper of Trog the Wrathful
  2951 | D:6      | Found a sand-covered staircase.
  2962 | Ossuary  | Entered an ossuary
  2962 | Ossuary  | Noticed a wraith
  2962 | Ossuary  | Noticed a wraith
  2962 | Ossuary  | Noticed a wraith
  2989 | Ossuary  | Reached skill level 5 in Shields
  3031 | Ossuary  | Reached * piety under Trog
  3067 | Ossuary  | Noticed a wraith
  3098 | Ossuary  | Killed a wraith
  3098 | Ossuary  | Reached skill level 1 in Evocations
  3098 | Ossuary  | Reached XP level 8. HP: 34/72 MP: 7/7
  3252 | D:6      | Found a glowing drain.
  3341 | D:5      | Entered Level 5 of the Dungeon
  3466 | D:4      | Noticed Galewind's ghost (amateur DECj)
  3477 | D:4      | Killed Galewind's ghost
  3477 | D:4      | Reached skill level 8 in Axes
  3477 | D:4      | Reached skill level 5 in Armour
  3800 | D:4      | Identified a scroll of acquirement
  3870 | D:5      | Reached ** piety under Trog
  3882 | D:5      | Found Juigecul's General Store.
  3899 | D:5      | Bought a scroll of enchant weapon for 75 gold pieces
  4054 | D:5      | Found a shadowy altar of Dithmenos.
  4058 | D:5      | Found a hazy altar of Hepliaklqana.
  4067 | D:5      | Found a glowing silver altar of Zin.
  4226 | D:5      | Reached skill level 9 in Axes
  4640 | D:6      | Found a bloodstained altar of Trog.
  4931 | D:6      | Gained mutation: You passively map the area around you. [Deep Dwarf growth]
  4931 | D:6      | Reached XP level 9. HP: 56/79 MP: 8/8
  5045 | D:6      | Noticed Prince Ribbit
  5052 | D:6      | Killed Prince Ribbit
  5213 | D:7      | Found a deep blue altar of Sif Muna.
  5296 | D:7      | Reached skill level 5 in Fighting
  5296 | D:7      | Reached skill level 10 in Axes
  5304 | D:7      | Reached *** piety under Trog
  5579 | Temple   | Entered the Ecumenical Temple
  5706 | D:8      | Found a snail-covered altar of Cheibriados.
  5860 | D:8      | Gained mutation: You have a pair of small horns on your head. [potion of mutation]
  5860 | D:8      | Gained mutation: You have sharp toenails. [potion of mutation]
  5860 | D:8      | Gained mutation: You tend to lose your temper in combat. [potion of mutation]
  5895 | D:8      | Reached **** piety under Trog
  5968 | D:8      | Noticed a kobold demonologist
  5981 | D:8      | Noticed an orange demon
  5981 | D:8      | Killed a kobold demonologist
  5981 | D:8      | Reached skill level 11 in Axes
  5988 | D:8      | Reached XP level 10. HP: 53/91 MP: 9/9
  6154 | D:8      | Lost mutation: You tend to lose your temper in combat. [mutagenic meat]
  6155 | D:8      | Gained mutation: Armour fits poorly on your strangely shaped body. [mutagenic meat]
  6156 | D:8      | Gained mutation: You occasionally shout uncontrollably at your foes. [mutagenic meat]
  6157 | D:8      | Lost mutation: Armour fits poorly on your strangely shaped body. [mutagenic meat]
  6158 | D:8      | Gained mutation: Armour fits poorly on your strangely shaped body. [mutagenic meat]
  6432 | D:9      | Reached skill level 1 in Stealth
  6439 | D:9      | Reached skill level 12 in Axes
  6491 | D:9      | Reached ***** piety under Trog
  6803 | D:9      | Found a basalt altar of Yredelemnul.
  6940 | D:9      | Noticed a hill giant
  6951 | D:9      | Killed a hill giant
  7091 | D:10     | Entered Level 10 of the Dungeon
  7184 | D:10     | Noticed an elephant
  7198 | D:10     | Killed an elephant
  7207 | D:10     | Found a staircase to the Lair.
  7245 | D:10     | Reached skill level 13 in Axes
  7249 | D:10     | Reached XP level 11. HP: 40/99 MP: 7/7
  7899 | D:10     | Noticed a hill giant
  7906 | D:10     | Killed a hill giant
  8090 | Lair:1   | Entered Level 1 of the Lair of Beasts
  8425 | Lair:1   | Received a gift from Trog
  8472 | Lair:1   | Noticed a seven-headed hydra
  8480 | Lair:1   | Killed a three-headed hydra
  8480 | Lair:1   | Reached skill level 14 in Axes
  8964 | Lair:2   | Found a frozen archway.
  8973 | IceCv    | Entered an ice cave
  8973 | IceCv    | Noticed a white ugly thing
  8984 | IceCv    | Killed a white ugly thing
  9044 | IceCv    | Noticed a white ugly thing
  9051 | IceCv    | HP: 5/153 [white ugly thing (4)]
  9051 | IceCv    | Demolished by a white ugly thing

Skill      XL: |  1  2  3  4  5  6  7  8  9 10 11 |
---------------+----------------------------------+-----
Axes           | 3 5 6 7 9 11 13 14 | 14.4
Fighting       | 3 4 5 6 7 |  7.7
Armour         | 4 5 6 7 8 |  8.6
Dodging        | 1 2 3 4 |  4.0
Shields        | 4 5 7 8 |  8.8
Evocations     | 1 2 |  2.7
Stealth        | 1 |  1.6

Action                   |  1- 3 |  4- 6 |  7- 9 | 10-12 || total
-------------------------+-------+-------+-------+-------++-------
Melee: War axe           |   119 |   130 |   224 |       ||   473
       Broad axe         |       |       |   157 |   358 ||   515
       Kick              |       |       |     7 |   126 ||   133
       Headbutt          |       |       |     3 |    71 ||    74
       Hand axe          |       |       |       |     8 ||     8
Invok: Berserk           |       |       |     1 |     3 ||     4
       Trog's Hand       |       |       |       |     1 ||     1
 Abil: Device Recharging |       |       |     2 |     6 ||     8
Evoke: Wand              |     1 |     3 |     9 |    26 ||    39
  Use: Scroll            |       |     2 |    12 |     4 ||    18
       Potion            |       |       |     1 |       ||     1
  Eat: Chunk             |     1 |     5 |     4 |     7 ||    17
       Bread ration      |       |       |     2 |     3 ||     5
Armor: Scale mail        |    42 |    36 |    65 |       ||   143
       Chain mail        |       |       |   106 |   106 ||   212
       Leather armour    |       |       |       |     2 ||     2
Dodge: Dodged            |    39 |    36 |   107 |   105 ||   287
Block: Shield            |    62 |    61 |   211 |   180 ||   514
